 Dungeon Crawl Stone Soup version 0.28.0 (webtiles) character file.

Game seed: 4296588756956618302

52 wakim the Sneak (level 3, 0/23 HPs)
             Began as an Octopode Transmuter on Feb 10, 2022.
             Slain by a kobold (17 damage)
             ... on level 1 of the Dungeon.
             The game lasted 00:03:57 (1412 turns).

wakim the Sneak (Octopode Transmuter)               Turns: 1412, Time: 00:03:57

Health: 0/23       AC:  1    Str:  9    XL:     3   Next: 85%
Magic:  5/6        EV: 13    Int: 17    God:
Gold:   52         SH:  0    Dex: 12    Spells: 5/6 levels left

rFire   . . .      SeeInvis .     - Unarmed
rCold   . . .      Faith    .   (no shield)
rNeg    . . .      Spirit   .   (helmet currently unavailable)
rPois   .          Reflect  .   (no amulet)
rElec   .          Harm     .   (no ring)
rCorr   .          Rampage  .   (no ring)
Will    .....                   (no ring)
Stlth   +++.......              (no ring)
HPRegen 0.07/turn               (no ring)
MPRegen 0.10/turn               (no ring)
                                (no ring)
                                (no ring)

@: appendages
A: tentacle spike 3, almost no armour, amphibious, 8 rings, camouflage 1,
gelatinous body 1, (nimble swimmer 1), tentacles
a: End Transformation


You were on level 1 of the Dungeon.
One of your tentacles had grown a beastly spike.
You visited 1 branch of the dungeon, and saw 2 of its levels.

You collected 52 gold pieces.

Inventory:

Missiles
 c - 2 poisoned darts
Armour
 g - a +0 tower shield
Scrolls
 d - a scroll of identify {unknown}
Potions
 a - 2 potions of curing {unknown}
 b - 2 potions of lignification {unknown}
 e - a potion of mutation {unknown}
 f - 2 potions of resistance {unknown}


   Skills:
 - Level 1.0 Fighting
 - Level 2.0 Dodging
 - Level 4.0 Stealth
 + Level 3.6 Unarmed Combat
 - Level 2.0 Spellcasting
 - Level 2.0 Transmutations


You had 5 spell levels left.
You knew the following spells:

 Your Spells              Type           Power      Damage    Failure   Level
a - Beastly Appendage     Tmut           16%        N/A       9%          1

Your spell library contained the following spells:

 Spells                   Type           Power      Damage    Failure   Level
 Wereblood                Tmut           8%         N/A       13%         2
 Spider Form              Tmut/Pois      5%         N/A       36%         3
 Ozocubu's Armour         Ice            1%         N/A       50%         3
 Ice Form                 Ice/Tmut       5%         N/A       77%         4
 Ozocubu's Refrigeration  Ice            0%         4d5       100%        7


Dungeon Overview and Level Annotations

Branches:
Dungeon (2/15)

Altars:

Shops:
D:2 =

Annotations:
D:2 Terence


Innate Abilities, Weirdness & Mutations

One of your tentacles has grown a beastly spike.
You cannot wear most types of armour.
You are amphibious.
You can wear up to eight rings at the same time.
Your skin changes colour to match your surroundings (Stealth+).
Your rubbery body absorbs attacks. (AC +1, EV +1)
((You are camouflaged when in or above water. (Stealth+)))
You have tentacles for arms and can constrict up to eight enemies at once.


Message History

You kill the quokka!
You now have 52 gold pieces (gained 17).
Your tentacle spike disappears.
g - a +0 tower shield
There is a stone staircase leading down here.
A ball python comes into view.
A goblin comes into view. It is wielding a +0 club.
One of your tentacles grows a vicious spike.
The helpless ball python fails to defend itself.
You tentacle-slap the ball python.
You kill the ball python!
A kobold and a bat come into view.
The kobold is wielding a +2 whip of electrocution.
The kobold shouts!
The goblin shouts!
You hear a shout! x2
The goblin hits you with a +0 club.
Terence the Incautious comes into view.
He is wielding a +0 morningstar.
You see here a ball python corpse.
Terence shouts!
You tentacle-slap the goblin. You grab the goblin. You squeeze the goblin.
You kill the goblin!
The bat barely misses you.
A goblin comes into view. It is wielding a +0 dagger.
Training target 4.0 for Stealth reached!
Your Stealth skill increases to level 4!
Terence screams, "I want your blood!"
Your transformation is almost over.
Terence says, "Don't bother to defend, it's senseless."
Your tentacle spike disappears.
There is a stone staircase leading up here.
One of your tentacles grows a vicious spike.
The kobold misses you.
You climb upwards.
There is a stone staircase leading down here.
You barely miss the kobold. Your grab misses the kobold.
You pierce the kobold, but do no damage.
You squeeze the kobold, but do no damage.
The kobold hits you with a +2 whip of electrocution.
You are electrocuted!
Ouch! That really hurt!
You die...

# ##.......## #..#
#.##
#######.#######..##
#.#
.....#...#........#
#.#
......#.#.........#
#.#
...##..#..........#
#.#
######...####..####
#.# #..## #.## #.#
###.######.########.#
#............@K.....#
#.###################
####.# .....# ######


You could see a kobold.

Vanquished Creatures
  An adder (D:2)
  A worm (D:2)
  An orc (D:2)
  An endoplasm (D:2)
  3 giant cockroaches
  5 goblins
  4 hobgoblins (D:1)
  2 jackals (D:1)
  5 quokkas
  5 ball pythons
  A bat (D:1)
  A frilled lizard (D:1)
  2 kobolds (D:2)
  A rat (D:1)
33 creatures vanquished.

Notes
Turn   | Place    | Note
-------+----------+-------------------------------------------
     0 | D:1      | wakim the Octopode Transmuter began the quest for the Orb.
     0 | D:1      | Reached XP level 1. HP: 13/13 MP: 3/3
    45 | D:1      | Reached skill level 1 in Stealth
   141 | D:1      | Reached skill level 2 in Stealth
   141 | D:1      | Reached XP level 2. HP: 17/18 MP: 3/5
   586 | D:1      | Reached skill level 3 in Stealth
   703 | D:1      | Found a faded altar of an unknown god.
   710 | D:1      | Reached XP level 3. HP: 18/23 MP: 4/6
  1252 | D:2      | Found Xisiesm's Jewellery Shoppe.
  1376 | D:2      | Noticed Terence
  1378 | D:2      | Reached skill level 4 in Stealth
  1412 | D:1      | Slain by a kobold

Illustrated notes

Levels and vault maps discovered:
D:1:      psy_arrival_dodecagon, layout_loops_ring,
          shapermc_ecumenical_altar_notcrosses
D:2:      layout_basic, serial_shops, shop, uniq_terence

Skill      XL: |  1  2  3 |
---------------+----------+-----
Stealth        | 2 3 4 |  4.0
Fighting       | |  1.0
Dodging        | |  2.0
Unarmed Combat | |  3.6
Spellcasting   | |  2.0
Transmutations | |  2.0

Action                   || total
-------------------------++-------
Melee: Unarmed           ||    64
       Constrict         ||    22
       Kick              ||    18
       Tentacles         ||    19
       Punch             ||     2
 Cast: Beastly Appendage ||    20
 Stab: Sleeping          ||     4
Armor: Skin              ||     6
Dodge: Dodged            ||    37
